 Dungeon Crawl Stone Soup version 0.29.0-11-gd7f09526c8 (webtiles) character file.

Game seed: 17643491896815934070

3 pacmanke6689 the Grave Robber (level 1, -1/13 HPs)
             Began as a Vampire Necromancer on Sept 6, 2022.
             Slain by a gnoll
             ... wielding a +0 whip
              (5 damage)
             ... on level 1 of the Dungeon.
             The game lasted 00:00:34 (77 turns).

pacmanke6689 the Grave Robber (Vampire Necromancer)   Turns: 77, Time: 00:00:35

Health: -1/13      AC:  2    Str:  7    XL:     1   Next: 41%
Magic:  0/3        EV: 12    Int: 17    God:
Gold:   0          SH:  0    Dex: 14    Spells: 3/4 levels left

rFire   . . .      SeeInvis +   (no weapon)
rCold   . . .      Faith    .   (no shield)
rNeg    . . .      Spirit   .   a - +0 robe
rPois   .          Reflect  .   (no helmet)
rElec   .          Harm     .   (no cloak)
rCorr   .          Rampage  .   (no gloves)
Will    .....                   (no boots)
Stlth   ++........              (no amulet)
HPRegen 0.24/turn               (no ring)
MPRegen 0.08/turn               (no ring)

@: healing quickly
A: alive, fangs 3, see invisible, vampiric 1
a: Exsanguinate


You were on level 1 of the Dungeon.
You visited 1 branch of the dungeon, and saw 1 of its levels.

Inventory:

Armour
 a - a +0 robe (worn)
Potions
 b - a potion of magic


   Skills:
 + Level 2.2 Dodging
 + Level 3.0 Stealth
 + Level 2.0 Spellcasting
 + Level 4.5 Necromancy


You had 3 spell levels left.
You knew the following spells:

 Your Spells              Type           Power      Damage    Failure   Level
a - Necrotise             Necr           68%        1d7       3%          1

Your spell library contained the following spells:

 Spells                   Type           Power      Damage    Failure   Level
 Vampiric Draining        Necr           17%        2d7       9%          3
 Animate Dead             Necr           17%        N/A       30%         4
 Agony                    Necr           17%        N/A       63%         5


Dungeon Overview and Level Annotations

Branches:
Dungeon (1/15)

Altars:


Innate Abilities, Weirdness & Mutations

Your natural rate of healing is accelerated.
You have razor-sharp teeth.
You have supernaturally acute eyesight. (SInv)
You are afflicted with vampirism.


Message History

Your ball python skeleton bites the gnoll but does no damage.
Your ball python skeleton closely misses the gnoll.
Your bat skeleton barely misses the gnoll.
Your ball python skeleton bites the gnoll but does no damage.
Your ball python skeleton grabs the gnoll.
Your ball python skeleton constricts the gnoll.
The gnoll hits your ball python skeleton with a +0 whip!
Your ball python skeleton is destroyed!
Your bat skeleton hits the gnoll. x3
Your bat skeleton barely misses the gnoll. x2
Your bat skeleton closely misses the gnoll.
Aiming: Necrotise (safe; 3% risk of failure)
Press: ? - help, Q - select action Shift-Dir - straight line, f - gnoll
Aim: a gnoll, wielding a +0 whip (moderately wounded, ally target, chance to affect: 81%)
The gnoll writhes in agony.
Your bat skeleton barely misses the gnoll.
Your bat skeleton completely misses the gnoll.
Your bat skeleton hits the gnoll but does no damage.
You don't have enough magic to cast this spell.
You don't have enough magic to cast this spell.
You hit the gnoll but do no damage. You punch the gnoll, but do no damage.
Your bite misses the gnoll.
The gnoll is moderately wounded.
Your bat skeleton hits the gnoll.
The endoplasm barely misses your bat skeleton.
The gnoll hits you with a +0 whip!
Ouch! That really hurt!
Your bat skeleton closely misses the gnoll.
Your bat skeleton hits the gnoll but does no damage. x2
The endoplasm barely misses your bat skeleton.
The gnoll attacks as you move away! The gnoll misses you.
Your bat skeleton hits the gnoll but does no damage. x2
Aiming: Necrotise (safe; 3% risk of failure)
Press: ? - help, Q - select action Shift-Dir - straight line, f/p - gnoll
Aim: a gnoll, wielding a +0 whip (heavily wounded, ally target, chance to affect: 81%)
The gnoll barely resists.
Your bat skeleton hits the gnoll but does no damage.
Your bat skeleton closely misses the gnoll.
The gnoll hits you with a +0 whip.
You die...

#.#. .)! #... #?. .#
#...###.## .#
##.....#..#..#
..........#..#
......>.J....#
#....Z|...# ###
###..g...#### #.#
###.#..@.......
##'####..##...#######
+...'..####..##
#.<.#### #..#
+...'..####..#
##'####..##..# #.#
###.#.## #.#######..#
#..##.# ##.#


You could see a gnoll (ally target), an endoplasm and a friendly bat skeleton.

Vanquished Creatures
  A ball python (D:1)
  A bat (D:1)
  A rat (D:1)
3 creatures vanquished.

Notes
Turn   | Place    | Note
-------+----------+-------------------------------------------
     0 | D:1      | pacmanke6689 the Vampire Necromancer began the quest for
                  | the Orb.
     0 | D:1      | Reached XP level 1. HP: 13/13 MP: 3/3
    77 | D:1      | Slain by a gnoll

Illustrated notes

Levels and vault maps discovered:
D:1:      dpeg_arrival_radiant, layout_loops_ring, wad_floor_pattern_2,
          chequers_serial_rivers_small_3, hangedman_decor_growths,
          minmay_pentomino_t4

Action                   || total
-------------------------++-------
Melee: Unarmed           ||     1
       Punch             ||     1
 Cast: Necrotise         ||     5
Dodge: Dodged            ||     1
